 Dungeon Crawl Stone Soup version 0.31-a0-188-g5e087ee2ca (webtiles) character file.

Game seed: 5184982010405404892

185 qw the Skirmisher (level 5, -2/29 HPs)
             Began as a Deep Elf Hunter on June 23, 2023.
             Slain by an orc wizard
             ... wielding a +0 dagger
              (3 damage)
             ... on level 4 of the Dungeon.
             The game lasted 00:01:00 (2470 turns).

qw the Skirmisher (Deep Elf Hunter)                 Turns: 2470, Time: 00:01:00

Health: -2/29      AC:  6    Str: 10    XL:     5   Next: 37%
Magic:  7/7        EV:  9    Int: 14    God:
Gold:   168        SH:  0    Dex: 18    Spells: 4/4 levels left

rFire   . . .        Y - +0 shortbow
rCold   . . .        (shield currently unavailable)
rNeg    . . .        e - +0 scale mail
rPois   .            (no helmet)
rElec   .            (no cloak)
rCorr   .            (no gloves)
SInv    .            (no boots)
Will    .....        (no amulet)
Stlth   +            (no ring)
HPRegen 0.24/turn    (no ring)
MPRegen 0.10/turn

%: no passive effects
@: no status effects
A: no striking features
a: no special abilities


You were on level 4 of the Dungeon.
You visited 1 branch of the dungeon, and saw 4 of its levels.

You collected 168 gold pieces.


   Skills:
 - Level 1.5 Fighting
 + Level 8.9 Ranged Weapons
 - Level 2.4 Dodging
 - Level 1.2 Stealth


You had 4 spell levels left.
You didn't know any spells.
Your spell library was empty.

Inventory:

Hand Weapons
 Y - a +0 shortbow (weapon)
Armour
 e - a +0 scale mail (worn)
 f - a +0 ring mail
Scrolls
 b - a scroll of identify
Potions
 a - a potion of attraction {unknown}
 c - a potion of enlightenment {unknown}
 d - a potion of invisibility {unknown}
 g - a potion of heal wounds {unknown}

Dungeon Overview and Level Annotations

Branches:
Dungeon (4/15)
 Temple: D:4-7

Altars:
Okawaru
Sif Muna
Trog
Xom


Message History

You shoot an arrow. The arrow misses the adder.
The adder bites you. Something hits you but does no damage.
The orc hits you with a +0 whip.
You shoot an arrow. The arrow hits the adder.
You kill the adder!
Something hits you but does no damage. The orc closely misses you.
Something hits you. The orc hits you with a +0 whip.
You shoot an arrow. The arrow barely misses the orc.
Something hits you but does no damage. The orc barely misses you.
You shoot an arrow.
The arrow hits the orc but does no damage.
Something hits you but does no damage. The orc hits you but does no damage.
You shoot an arrow. The arrow hits the orc!
You kill the orc!
Something hits you but does no damage.
You shoot an arrow. Something hits you. x2
You shoot an arrow. Something hits you but does no damage.
You shoot an arrow. Something hits you.
You shoot an arrow.
You hear some strange, mumbled words.
A magic dart appears from out of thin air!
The magic dart hits you but does no damage.
You shoot an arrow.
Something hits you but does no damage. x2
You shoot an arrow. Something hits you but does no damage.
You shoot an arrow. Something hits you.
You shoot an arrow. Something hits you.
You shoot an arrow.
You hear some strange, mumbled words.
A puff of flame appears from out of thin air!
The puff of flame hits you! Something hits you but does no damage.
You shoot an arrow. Something hits you.
You die...

.... ...#
##..)#####...##
................
...............#
..$.............
.............
#.#....{!).# ..#
.......@.[#....
####..)......#
###......##
#.###### #.# #.#
#.########
#.#......#
#.#......#


There were no monsters in sight!

Vanquished Creatures
  A jelly (D:4)
  An iguana (D:4)
  4 adders
  4 worms
  A dart slug (D:2)
  4 orcs
  7 ball pythons
  9 endoplasms
  A giant cockroach (D:2)
  7 hobgoblins
  5 jackals
  A quokka (D:1)
  A bat (D:1)
  4 frilled lizards
  14 goblins
  5 kobolds
  A rat (D:2)
70 creatures vanquished.

Notes
Turn   | Place    | Note
-------+----------+-------------------------------------------
     0 | D:1      | qw the Deep Elf Hunter began the quest for the Orb.
     0 | D:1      | Reached XP level 1. HP: 12/12 MP: 3/3
     0 | D:1      | 0 ||| qw: Version: 0.3-a-9-g12657ce
     0 | D:1      | 0 ||| qw: Game counter: 3105
     0 | D:1      | 0 ||| qw: Always use a shield: true
     0 | D:1      | 0 ||| qw: God list: Okawaru
     0 | D:1      | 0 ||| qw: Allow faded altars: false
     0 | D:1      | 0 ||| qw: Do Orc after D:15 true
     0 | D:1      | 0 ||| qw: Do second Lair branch before Depths: true
     0 | D:1      | 0 ||| qw: Lair rune preference: random
     0 | D:1      | 0 ||| qw: Plans: Normal
     0 | D:1      | 0 ||| PLANNING D:1-11
   113 | D:1      | Reached XP level 2. HP: 16/16 MP: 4/4
   115 | D:1      | Reached skill level 6 in Ranged Weapons
   414 | D:1      | 414 ||| UPGRADING to +0 scale mail.
   424 | D:1      | 424 ||| DROPPING +0 leather armour.
   425 | D:1      | 425 ||| READING scroll labelled ZUHEGUZINO.
   428 | D:1      | 428 ||| READING scroll labelled PAODOF TOXAFF.
   429 | D:1      | 429 ||| DROPPING scroll of butterflies.
   447 | D:2      | Reached XP level 3. HP: 20/20 MP: 5/5
   461 | D:2      | Found a faded altar of an unknown god.
   725 | D:2      | Reached skill level 7 in Ranged Weapons
  1197 | D:2      | Reached XP level 4. HP: 25/25 MP: 6/6
  1244 | D:2      | 1244 ||| DRINKING 2 fizzy dark potions.
  1252 | D:2      | 1252 ||| DROPPING potion of ambrosia.
  1935 | D:3      | Found an iron altar of Okawaru.
  1936 | D:3      | Found a shimmering altar of Xom.
  1936 | D:3      | Found a shimmering blue altar of Sif Muna.
  1945 | D:3      | 1945 ||| READING scroll labelled ALUNOGANACH.
  1958 | D:3      | Found a bloodstained altar of Trog.
  2150 | D:4      | Reached skill level 8 in Ranged Weapons
  2159 | D:4      | 2159 ||| FLEEEEING.
  2160 | D:4      | 2160 ||| FLEEEEING.
  2161 | D:4      | 2161 ||| FLEEEEING.
  2162 | D:4      | 2162 ||| STAIRDANCE
  2179 | D:4      | 2179 ||| STAIRDANCE
  2184 | D:3      | HP: 5/25 [worm (3)]
  2185 | D:3      | 2185 ||| READING scroll of teleportation.
  2380 | D:4      | Reached XP level 5. HP: 23/29 MP: 7/7
  2469 | D:4      | HP: 1/29 [something/puff of flame (9)]
  2470 | D:4      | Slain by an orc wizard

Levels and vault maps discovered:
D:1:      minmay_arrival_plants_in_alcoves, layout_basic
D:2:      layout_loops_corners, hellmonk_ecumenical_altar_pennies_from_heaven
D:3:      layout_loops_ring, nicolae_overflow_quartered_altars,
          grunt_decor_resistance
D:4:      layout_basic, hangedman_decor_clover_reticule, dk_vineyard_2

Skill      XL: |  1  2  3  4 |
---------------+-------------+-----
Ranged Weapons | 6 7 8 |  8.9
Fighting       | |  1.5
Dodging        | |  2.4
Stealth        | |  1.2

Action                     |  1- 3 |  4- 6 || total
---------------------------+-------+-------++-------
   Fire: Shortbow          |   106 |   103 ||   209
    Use: Scroll            |     2 |     2 ||     4
         Potion            |       |     1 ||     1
 Armour: Scale mail        |    10 |    33 ||    43
  Dodge: Dodged            |     7 |    14 ||    21

Table legend:
 A = Non-vault XP
 B = Vault XP
 C = Vault XP percentage of total XP
 D = Non-vault monster count
 E = Vault monster count
 F = Vault count percentage of total count
                 A         B        C        D         E       F
            +---------+---------+-------+---------+---------+-------
      Total |     265 |       0 |   0.0 |      70 |       0 |   0.0
            +---------+---------+-------+---------+---------+-------
        D:1 |      34 |       0 |   0.0 |      20 |       0 |   0.0
        D:2 |      64 |       0 |   0.0 |      23 |       0 |   0.0
        D:3 |      52 |       0 |   0.0 |      19 |       0 |   0.0
        D:4 |     115 |       0 |   0.0 |       8 |       0 |   0.0
            +---------+---------+-------+---------+---------+-------
